 Dungeon Crawl Stone Soup version 0.22.1-2-g9c5b331383 (webtiles) character file.

281 Ihlosi the Sneak (level 6, -9/35 HPs)
             Began as a Kobold Enchanter on Jan 1, 2019.
             Mangled by a gnoll sergeant
             ... wielding a +1 spear of freezing
              (11 damage)
             ... on level 4 of the Dungeon.
             The game lasted 00:10:30 (4875 turns).

Ihlosi the Sneak (Kobold Enchanter)                 Turns: 4875, Time: 00:10:31

Health: -9/35      AC:  3    Str:  6    XL:     6   Next: 53%
Magic:  1/10       EV: 15    Int: 17    God:
Gold:   208        SH:  0    Dex: 16    Spells: 8/11 levels left

rFire    . . .     SeeInvis .   a - +3 short sword (freeze)
rCold    + . .     Gourm    .   (shield restricted)
rNeg     . . .     Faith    .   b - +0 robe
rPois    .         Spirit   .   (no helmet)
rElec    .         Reflect  .   m - +0 cloak
rCorr    .         Harm     .   (no gloves)
MR       .....                  (no boots)
Stlth    +++.......             (no amulet)
HPRegen  0.11/turn              h - ring of protection from cold
MPRegen  0.12/turn              (no ring)

@: very slightly contaminated, heavily drained
A: small, carnivore
a: no special abilities


You were on level 4 of the Dungeon.
You were very full.

You visited 1 branch of the dungeon, and saw 4 of its levels.

You collected 208 gold pieces.

Inventory:

Hand Weapons
 a - a +3 short sword of freezing (weapon)
 n - a +1 dagger
Missiles
 e - 33 bolts
Armour
 b - a +0 robe (worn)
 m - a +0 cloak (worn)
Jewellery
 h - a ring of protection from cold (left hand)
 o - an uncursed amulet of harm
Wands
 g - a wand of digging (3)
Scrolls
 c - 2 scrolls of fog
 f - 2 scrolls of amnesia
Potions
 j - a potion of heal wounds
 k - a potion of curing
 l - a potion of brilliance {unknown}
Comestibles
 d - 4 rations


   Skills:
 * Level 1.6(0.3) Fighting
 * Level 3.5(2.1) Short Blades
 - Level 1.0(0.0) Armour
 * Level 3.5(2.1) Dodging
 * Level 5.8(4.3) Stealth
 * Level 3.0(1.6) Spellcasting
 * Level 3.8(2.4) Hexes


You had 8 spell levels left.
You knew the following spells:

 Your Spells              Type           Power        Failure   Level  Hunger
a - Corona                Hex            #......      8%          1    ##.....
b - Ensorcelled Hibernat  Hex/Ice        #.....       19%         2    ###....

Your spell library contained the following spells:

 Spells                   Type           Power        Failure   Level  Hunger
 Confuse                  Hex            #.......     22%         3    ####...
 Tukima's Dance           Hex            #.......     22%         3    ####...
 Dazzling Spray           Conj/Hex       #.....       36%         3    ####...


Dungeon Overview and Level Annotations

Branches:
Dungeon (4/15)
 Temple: D:4-7

Altars:

Annotations:
D:3 Phantom
D:4 1 transporter, thefreepie's ghost, amateur CeWr


Innate Abilities, Weirdness & Mutations

You are small and have problems with some larger weapons.
You are carnivorous and can eat meat at any time.


Message History

The gnoll is severely wounded.
The gnoll sergeant closely misses you. The gnoll barely misses you.
You barely miss the gnoll.
The gnoll is severely wounded.
The gnoll sergeant hits you but does no damage.
The gnoll misses you.
You hit the gnoll but do no damage.
The gnoll is severely wounded.
The gnoll sergeant hits you from afar with a spear of freezing.
The gnoll barely misses you.
You barely miss the gnoll.
The gnoll is severely wounded.
The gnoll sergeant hits you from afar with a spear of freezing.
The gnoll sergeant freezes you. The gnoll barely misses you.
You hit the gnoll. You freeze the gnoll.
You kill the gnoll!
The gnoll sergeant hits you from afar with a spear of freezing!
* * * LOW HITPOINT WARNING * * *
The gnoll sergeant hits you with a spear of freezing!
You die...

#### ###### 8#.## ....#
8##.### #..#
8###..#############g.##
##### 8#
##...........@gggg.####...##
8#
##.........######..........#
8###..###....##
##...........# 8#....#
###### #............###
##...## #...............
.>...# #................
.....# ##...............
.....# #............©...
....## #.........########


You could see a gnoll sergeant and 4 gnolls.

Vanquished Creatures
  An iguana (D:4)
  Natasha (thrice) (D:2)
  A gnoll (D:4)
  5 adders
  4 oozes
  A worm (D:2)
  3 dart slugs
  4 leopard geckos
  9 orcs
  9 bats
  3 giant cockroaches
  9 goblins
  9 hobgoblins
  4 jackals (D:1)
  8 kobolds
  4 quokkas
  2 ball pythons
  4 frilled lizards
  8 rats
91 creatures vanquished.

Notes
Turn   | Place    | Note
-------+----------+-------------------------------------------
     0 | D:1      | Ihlosi the Kobold Enchanter began the quest for the Orb.
     0 | D:1      | Reached XP level 1. HP: 10/10 MP: 3/3
   121 | D:1      | Reached XP level 2. HP: 15/15 MP: 3/5
   142 | D:1      | Learned a level 2 spell: Ensorcelled Hibernation
   711 | D:1      | Reached XP level 3. HP: 20/20 MP: 6/6
  1671 | D:2      | Reached XP level 4. HP: 18/24 MP: 7/7
  2414 | D:2      | Reached skill level 1 in Fighting
  2454 | D:2      | Reached skill level 5 in Stealth
  2557 | D:2      | Noticed Natasha
  2738 | D:2      | Killed Natasha
  2738 | D:2      | Reached XP level 5. HP: 29/29 MP: 3/8
  2997 | D:2      | Noticed Natasha
  3003 | D:2      | Killed Natasha
  3043 | D:2      | Noticed Natasha
  3076 | D:2      | Killed Natasha
  3513 | D:3      | Noticed a phantom
  3575 | D:3      | Reached XP level 6. HP: 23/34 MP: 10/10
  3836 | D:3      | Reached skill level 1 in Armour
  4808 | D:4      | Found a transporter.
  4809 | D:4      | Noticed thefreepie's ghost (amateur CeWr)
  4875 | D:4      | Mangled by a gnoll sergeant

Skill      XL: |  1  2  3  4  5  6 |
---------------+-------------------+-----
Short Blades   | 2 3 |  3.5
Fighting       | 1 |  1.6
Dodging        | 3 |  3.5
Stealth        | 5 |  5.8
Armour         | 1 |  1.0
Spellcasting   | 3 |  3.0
Hexes          | |  3.8

Action                   |  1- 3 |  4- 6 || total
-------------------------+-------+-------++-------
Melee: Dagger            |   137 |    46 ||   183
       Short sword       |       |   130 ||   130
 Cast: Corona            |     2 |       ||     2
       Ensorcelled Hiber |     7 |    36 ||    43
  Use: Scroll            |     3 |     4 ||     7
       Potion            |       |     4 ||     4
 Stab: Sleeping          |    11 |    26 ||    37
       Distracted        |     2 |     1 ||     3
  Eat: Chunk             |     9 |    14 ||    23
Armor: Robe              |    27 |    19 ||    46
Dodge: Dodged            |    97 |   132 ||   229
